 Dungeon Crawl Stone Soup version 0.29-a0-322-g68df515428 (webtiles) character file.

Game seed: 7501163025699083409

26 sammy202020 the Skirmisher (level 2, 0/36 HPs)
             Began as a Demonspawn Berserker on Apr 5, 2022.
             Was a Believer of Trog.
             Succumbed to an adder's poison
             ... on level 2 of the Dungeon.
             The game lasted 00:01:49 (831 turns).

sammy202020 the Skirmisher (Demonspawn Berserker)    Turns: 831, Time: 00:01:50

Health: 0/36       AC:  6    Str: 17    XL:     2   Next: 89%
Magic:  0/2        EV: 11    Int:  8    God:    Trog [**....]
Gold:   69         SH:  0    Dex: 12    Spells: 1/1 levels left

rFire   . . .      SeeInvis .   a - +0 hand axe
rCold   . . .      Faith    .   (no shield)
rNeg    . . .      Spirit   +   i - +0 ring mail
rPois   .          Reflect  .   (helmet restricted)
rElec   .          Harm     .   (no cloak)
rCorr   .          Rampage  .   f - +0 pair of gloves
Will    .....                   (no boots)
Stlth   ..........              c - amulet of guardian spirit
HPRegen 0.12/turn               (no ring)
MPRegen 0.08/turn               (no ring)

@: berserking, lethally poisoned (0 -> -11), very quick
A: antennae 1
a: Renounce Religion, Berserk, Trog's Hand


You were on level 2 of the Dungeon.
You worshipped Trog.
Trog was pleased with you.
You visited 1 branch of the dungeon, and saw 2 of its levels.

You collected 69 gold pieces.

Inventory:

Hand Weapons
 a - a +0 hand axe (weapon)
 h - a +3 whip
Missiles
 d - 3 javelins (quivered)
Armour
 f - a +0 pair of gloves (worn)
 i - a +0 ring mail (worn)
Jewellery
 c - an amulet of guardian spirit (around neck)
Scrolls
 e - a scroll of magic mapping {unknown}
Potions
 b - a potion of magic {unknown}
 g - a potion of brilliance {unknown}
 j - a potion of degeneration {unknown}


   Skills:
 * Level 3.4 Fighting
 * Level 3.1 Axes
 + Level 2.1 Armour
 - Level 1.7 Dodging


You had one spell level left.
You didn't know any spells.
Your spell library was empty.

Dungeon Overview and Level Annotations

Branches:
Dungeon (2/15)

Altars:


Innate Abilities, Weirdness & Mutations

You have a pair of small antennae on your head.


Message History

You barely miss the adder.
The adder is moderately wounded.
You hit the quokka.
You feel sick. The quokka closely misses you. The adder barely misses you.
You hit the adder.
The adder is heavily wounded.
You barely miss the quokka.
You feel sick.
The quokka bites you but does no damage.
The adder bites you.
You are lethally poisoned!
The adder poisons you! The quokka closely misses you.
The adder bites you but does no damage.
You hit the adder.
The adder is heavily wounded.
You closely miss the quokka.
* * * LOW HITPOINT WARNING * * *
You feel very sick. The quokka misses you. The adder closely misses you.
You barely miss the adder.
The adder is heavily wounded.
You hit the quokka.
You kill the quokka!
Trog accepts your kill.
* * * LOW HITPOINT WARNING * * *
You feel very sick. The adder closely misses you.
You closely miss the adder.
The adder is heavily wounded.
* * * LOW HITPOINT WARNING * * *
You feel sick. The adder barely misses you. The adder misses you.
Unknown command.
A red film seems to cover your vision as you go berserk!
You feel yourself moving faster!
You feel mighty!
* * * LOW HITPOINT WARNING * * *
You feel sick. The adder bites you.
You are more poisoned.
The adder poisons you!
You miss the adder.
The adder is heavily wounded.
You die...

##### #...#
#...# ....#
#.######...#
.......<.#.#
#.#####....#
#.@..#
#..†S†.#
#......#
#......#
#......#
######.# .#
.#


You could see an adder.

Vanquished Creatures
  A dart slug (D:1)
  An endoplasm (D:1)
  A giant cockroach (D:1)
  2 hobgoblins (D:1)
  4 jackals (D:1)
  2 quokkas
  A ball python (D:2)
  2 goblins (D:1)
  5 kobolds (D:1)
  3 rats (D:1)
22 creatures vanquished.

Notes
Turn   | Place    | Note
-------+----------+-------------------------------------------
     0 | D:1      | sammy202020 the Demonspawn Berserker began the quest for
                  | the Orb.
     0 | D:1      | Reached XP level 1. HP: 18/18 MP: 1/1
   189 | D:1      | Gained mutation: You have a pair of small antennae on your
                  | head. [demonic ancestry]
   189 | D:1      | Reached XP level 2. HP: 24/24 MP: 2/2
   265 | D:1      | Found a faded altar of an unknown god.
   496 | D:1      | Reached ** piety under Trog
   831 | D:2      | Succumbed to an adder's poison

Illustrated notes

Levels and vault maps discovered:
D:1:      psy_arrival_fountain, layout_rooms,
          dreamdust_ecumenical_altar_angels_and_demons
D:2:      layout_basic, minmay_domino_4, uniq_terence

Skill      XL: |  1  2 |
---------------+-------+-----
Armour         | 2 |  2.1
Axes           | 3 |  3.1
Fighting       | |  3.4
Dodging        | |  1.7

Action                   || total
-------------------------++-------
Melee: Hand axe          ||    57
       Punch             ||     2
Invok: Berserk           ||     1
Armor: Animal skin       ||    14
       Ring mail         ||     8
Dodge: Dodged            ||    49

Table legend: (Time is in decaauts)
 A = Elapsed time spent in this place.
 B = Non-inter-level travel time spent in this place.
 C = Inter-level travel time spent in this place.
 D = Time resting spent in this place.
 E = Time spent auto-exploring this place.
 F = Levels seen in this place.
 G = Mean time per level.
                   A        B        C        D        E       F      G
               +--------+--------+--------+--------+--------+-----+--------+
         Total |    839 |    831 |      8 |      0 |    668 |   2 |  419.5 |
       Dungeon |    839 |    831 |      8 |      0 |    668 |   2 |  419.5 |
               +--------+--------+--------+--------+--------+-----+--------+

Top non-repeatable levels by time:
     D:1: 824 daAuts
     D:2: 15 daAuts
